 Dungeon Crawl Stone Soup version 0.27-a0-1301-g128193abf8 (webtiles) character file.

Game seed: 18428298714546896308

91 Rfholloway the Ducker (level 4, -5/44 HPs)
             Began as a Troll Fighter on June 17, 2021.
             Slain by a gnoll (7 damage)
             ... on level 3 of the Dungeon.
             The game lasted 00:11:34 (1609 turns).

Rfholloway the Ducker (Troll Fighter)               Turns: 1609, Time: 00:11:35

Health: -5/44      AC:  4    Str: 25    XL:     4   Next: 33%
Magic:  0/3        EV:  8    Int:  4    God:
Gold:   40         SH:  9    Dex:  9    Spells: 3/3 levels left

rFire    . . .     SeeInvis +   k - +1 spear
rCold    + . .     Faith    .   b - +0 kite shield
rNeg     . . .     Spirit   +   a - +0 robe
rPois    .         Reflect  .   (helmet restricted)
rElec    .         Harm     .   (no cloak)
rCorr    .         Rampage  .   (gloves unavailable)
Will     .....                  (boots unavailable)
Stlth    +.........             n - amulet of guardian spirit
HPRegen  1.14/turn              m - ring of protection from cold
MPRegen  0.08/turn              o - ring of see invisible

@: studying Unarmed Combat
A: large, unfitting armour, claws 3, regeneration 1, shaggy fur 1, tough skin 1
a: no special abilities


You were on level 3 of the Dungeon.
You visited 1 branch of the dungeon, and saw 3 of its levels.

You collected 40 gold pieces.

Inventory:

Hand Weapons
 j - a +1 dagger of pain
 k - a +1 spear (weapon)
Missiles
 e - 63 bolts
 g - 38 sling bullets
Armour
 a - a +0 robe (worn)
 b - a +0 kite shield (worn)
 l - a +0 ring mail
Jewellery
 m - a ring of protection from cold (left claw)
 n - an amulet of guardian spirit (around neck)
 o - a ring of see invisible (right claw)
Scrolls
 f - a scroll of enchant weapon
 i - a scroll of identify
Potions
 c - a potion of might
 h - a potion of lignification


   Skills:
 + Level 2.7 Fighting
 + Level 0.3 Polearms
 + Level 3.1 Dodging
 + Level 0.2 Stealth
 + Level 2.9 Shields
 + Level 3.0 Unarmed Combat


You had 3 spell levels left.
You didn't know any spells.
Your spell library was empty.

Dungeon Overview and Level Annotations

Branches:
Dungeon (3/15)

Altars:


Innate Abilities, Weirdness & Mutations

You are too large for most types of armour.
You have claws for hands.
Your natural rate of healing is unusually fast.
You are covered in fur. (AC +1)
You have tough skin. (AC +1)


Message History

Items here: )) ††.
You hit the gnoll.
The gnoll is lightly wounded.
You block the gnoll's attack. x2; The gnoll hits you but does no damage.
You block the gnoll's attack.
You barely miss the gnoll.
The gnoll is lightly wounded.
The gnoll hits you with a +0 spear. The gnoll hits you with a +0 spear!
You hit the gnoll but do no damage.
The gnoll is lightly wounded.
The gnoll hits you with a +0 spear. The gnoll hits you with a +0 spear!
* * * LOW HITPOINT WARNING * * *
Unknown command.
The gnoll misses you. You block the gnoll's attack.
The gnoll hits you with a +0 spear.
The gnoll hits you from afar with a +0 spear.
* * * LOW HITPOINT WARNING * * *
You hit the gnoll.
The gnoll is lightly wounded.
The gnoll closely misses you. The gnoll barely misses you.
The gnoll hits you with a +0 spear.
* * * LOW HITPOINT WARNING * * *
You hit the gnoll.
The gnoll is heavily wounded.
The gnoll barely misses you. x2; You block the gnoll's attack.
You closely miss the gnoll.
The gnoll is heavily wounded.
You block the gnoll's attack.
The gnoll hits you from afar with a +0 spear!
* * * LOW HITPOINT WARNING * * *
You closely miss the gnoll.
The gnoll is heavily wounded.
The gnoll barely misses you.
The gnoll hits you from afar with a +0 spear.
* * * LOW HITPOINT WARNING * * *
The gnoll barely misses you.
You puncture the gnoll!
You kill the gnoll!
The gnoll hits you from afar with a +0 spear!
You die...

###....# . .?....# .#
###...# ##.## #.....#
..... #.#...#......
#...#...... ###g.......
#)####### #@# #.#
#######.# ##########
#.....†.#######.........
#.#...............#.#..#
#.###########.#.#.#..#
#.#####.....#.#.#.#..#
#.......###.#.#...#..#
######### #...........


You could see a gnoll.

Vanquished Creatures
  3 gnolls (D:3)
  2 adders (D:2)
  3 worms
  A dart slug (D:1)
  A ball python (D:1)
  6 bats
  7 endoplasms
  A giant cockroach (D:1)
  4 goblins (D:1)
  2 hobgoblins
  2 quokkas (D:2)
  3 frilled lizards (D:1)
  5 kobolds
  3 rats
43 creatures vanquished.

Notes
Turn   | Place    | Note
-------+----------+-------------------------------------------
     0 | D:1      | Rfholloway the Troll Fighter began the quest for the Orb.
     0 | D:1      | Reached XP level 1. HP: 22/22 MP: 0/0
   174 | D:1      | Reached XP level 2. HP: 29/29 MP: 1/1
   879 | D:2      | Reached XP level 3. HP: 36/36 MP: 2/2
  1495 | D:3      | Reached XP level 4. HP: 40/44 MP: 1/3
  1608 | D:3      | HP: 1/44 [gnoll (6)]
  1609 | D:3      | Slain by a gnoll

Illustrated notes

Levels and vault maps discovered:
D:1:      scummos_arrival_hexagon, layout_basic
D:2:      layout_loops_ring
D:3:      layout_basic, general_overflow_altar

Skill      XL: |  1  2  3  4 |
---------------+-------------+-----
Dodging        | 3 |  3.1
Unarmed Combat | 3 |  3.0
Fighting       | |  2.7
Polearms       | |  0.3
Stealth        | |  0.2
Shields        | |  2.9

Action                   |  1- 3 |  4- 6 || total
-------------------------+-------+-------++-------
Melee: Unarmed           |    77 |       ||    77
       Spear             |    42 |    21 ||    63
  Use: Scroll            |       |     3 ||     3
       Potion            |       |     2 ||     2
 Stab: Sleeping          |     1 |       ||     1
Armor: Robe              |    30 |     5 ||    35
       Skin              |       |    60 ||    60
Dodge: Dodged            |    37 |    18 ||    55
Block: Kite shield       |    44 |    50 ||    94

Table legend: (Time is in decaauts)
 A = Elapsed time spent in this place.
 B = Non-inter-level travel time spent in this place.
 C = Inter-level travel time spent in this place.
 D = Time resting spent in this place.
 E = Time spent auto-exploring this place.
 F = Levels seen in this place.
 G = Mean time per level.
                   A        B        C        D        E       F      G
               +--------+--------+--------+--------+--------+-----+--------+
         Total |   1639 |   1639 |      0 |     17 |   1119 |   3 |  546.3 |
       Dungeon |   1639 |   1639 |      0 |     17 |   1119 |   3 |  546.3 |
               +--------+--------+--------+--------+--------+-----+--------+

Top non-repeatable levels by time:
     D:1: 824 daAuts
     D:2: 634 daAuts
     D:3: 180 daAuts
